 Dungeon Crawl Stone Soup version 0.31-a0-810-ga77100ea1a (webtiles) character file.

Game seed: 15384930832843981909

6246 GloriousHammer the Carver (level 11, -4/77 HPs)
             Began as a Human Necromancer on Sept 21, 2023.
             Was a Believer of Kikubaaqudgha.
             Slain by a gnoll sergeant
             ... wielding a +4 trident of distortion
              (25 damage)
             ... on level 9 of the Dungeon.
             The game lasted 00:31:50 (11361 turns).

GloriousHammer the Carver (Human Necromancer)      Turns: 11361, Time: 00:31:51

Health: -4/77      AC: 10    Str: 10    XL:     11   Next: 15%
Magic:  12/24      EV: 20    Int: 15    God:    Kikubaaqudgha [**....]
Gold:   290        SH:  0    Dex: 20    Spells: 6/16 levels left

rFire   . . .        U - +4 double sword of the Messenger {flame, MP+9 Dex+3}
rCold   . . .        (no shield)
rNeg    . . .        H - +0 steam dragon scales
rPois   +            Q - +1 helmet
rElec   .            S - +1 cloak
rCorr   .            (no gloves)
SInv    .            R - +0 pair of boots
Will    .....        (no amulet)
Stlth   ++           P - ring of poison resistance
HPRegen 0.32/turn    E - +5 ring of evasion
MPRegen 0.19/turn

%: no passive effects
@: no status effects
A: no striking features
a: Renounce Religion, Unearth Wretches


You were on level 9 of the Dungeon.
You worshipped Kikubaaqudgha.
Kikubaaqudgha was pleased with you.
You visited 2 branches of the dungeon, and saw 10 of its levels.
You also visited: Ossuary and Bailey.

You collected 1360 gold pieces.
You spent 1070 gold pieces at shops.

Inventory:

Hand Weapons
 c - a +0 short sword
 i - a +0 dagger
 w - a +0 long sword of holy wrath
 K - a +0 war axe
 M - a +0 war axe
 U - the +4 double sword of the Messenger (weapon) {flame, MP+9 Dex+3}
   (You bought it in a shop on level 7 of the Dungeon)

   Dex+3:     It affects your dexterity (+3).
   MP+9:      It affects your magic capacity (+9).
Missiles
 f - 23 poisoned darts
 J - 16 boomerangs
 L - 7 curare-tipped darts
 O - 4 datura-tipped darts
 T - a throwing net
 V - 5 javelins
Armour
 q - the +2 pair of boots of Proximity {Rampage +Inv}
   (You found it on level 2 of the Dungeon)

   +Inv:      It lets you turn invisible.
   Rampage:   It bestows one free step when moving towards enemies.
 H - +0 steam dragon scales (worn)
 Q - a +1 helmet (worn)
 R - a +0 pair of boots (worn)
 S - a +1 cloak (worn)
Jewellery
 e - a +5 ring of evasion
 t - a ring of see invisible
 C - a ring of ice
 D - a +6 ring of dexterity
 E - a +5 ring of evasion (right hand)
 P - a ring of poison resistance (left hand)
Wands
 p - a wand of quicksilver (13)
Scrolls
 d - 2 scrolls of poison {unknown}
 h - 2 scrolls of torment
 k - 3 scrolls of butterflies
 m - 4 scrolls of enchant armour
 n - a scroll of revelation
 o - 3 scrolls of enchant weapon
 r - 2 scrolls of amnesia {unknown}
 s - 2 scrolls of blinking {unknown}
 v - a scroll of fear
 y - a scroll of brand weapon {unknown}
 A - a scroll of teleportation {unknown}
 F - 3 scrolls of vulnerability
 I - a scroll of identify
 X - 3 scrolls of silence {unknown}
Potions
 a - a potion of haste {unknown}
 b - a potion of magic
 g - 2 potions of might {unknown}
 j - 2 potions of mutation
 l - 5 potions of heal wounds
 u - a potion of enlightenment {unknown}
 x - 2 potions of resistance {unknown}
 z - 4 potions of lignification {unknown}
 B - 2 potions of curing
 G - a potion of brilliance {unknown}
 N - 2 potions of attraction {unknown}
 W - a potion of berserk rage {unknown}


   Skills:
 + Level 4.3 Fighting
 * Level 12.0 Long Blades
 - Level 0.1 Maces & Flails
 + Level 4.8 Dodging
 - Level 2.0 Stealth
 - Level 3.2 Spellcasting
 - Level 8.6 Necromancy
 - Level 1.6 Air Magic
 - Level 1.6 Poison Magic


You had 6 spell levels left.
You knew the following spells:

 Your Spells              Type           Power      Damage    Failure   Level
a - Necrotise             Necr           100%       1d9       1%          1
b - Vampiric Draining     Necr           28%        2d8       1%          3
c - Cigotuvi's Dreadful   Necr/Pois/Air  28%        N/A       6%          2
d - Animate Dead          Necr           28%        N/A       5%          4

Your spell library contained the following spells:

 Spells                   Type           Power      Damage    Failure   Level
 Kiss of Death            Conj/Necr      60%        2d10      3%          1
 Agony                    Necr           28%        N/A       16%         5
 Apportation              Tloc           4%         N/A       21%         1
 Summon Small Mammal      Summ           8%         N/A       21%         1
 Ensorcelled Hibernation  Hex/Ice        4%         N/A       30%         2
 Jinxbite                 Hex            4%         N/A       30%         2
 Wereblood                Tmut           2%         N/A       30%         2
 Anguish                  Hex/Necr       7%         N/A       32%         4
 Ignite Poison            Fire/Tmut/Pois 4%         N/A       43%         3
 Freezing Cloud           Conj/Ice/Air   2%         6-21      99%         5
 Irradiate                Conj/Tmut      1%         3d12      99%         5


Dungeon Overview and Level Annotations

Branches:
Dungeon (9/15)             Temple (1/1) D:6            Lair (0/5) D:9
    Orc (0/2) D:9         Ossuary (visited)          Bailey (visited)

Altars:
Ashenzari
Cheibriados
Dithmenos
Elyvilon
Fedhas
Gozag
Hepliaklqana
Kikubaaqudgha
Makhleb
Nemelex Xobeh
Okawaru
Qazlal
Ru
Sif Muna
Uskayaw
Vehumet
Wu Jian
Xom
Yredelemnul
Zin
The Shining One

Shops:
D:5 !   D:7 :(   D:8 :

Annotations:
D:1 dig vault
D:2 exclusion: downstairs
D:3 exclusion: 2 downstairs
D:4 Pikel
Temple 2 transporters


Message History

Aiming: Vampiric Draining (safe; 1% risk of failure)
Press: ? - help, Shift-Dir - straight line, f - orc
Aim: an orc, wielding a +0 club and wearing a +0 scale mail (ally target)
You draw life force from the orc!
You kill the orc!
Kikubaaqudgha accepts your kill.
You feel life coursing into your body. Something hits you.
Your centaur zombie closely misses the orc.
Your centaur zombie kicks the orc.
Something barely misses your steam dragon zombie.
The orc hits your centaur zombie with a +0 hand axe.
Your centaur zombie is destroyed!
The orc hits your steam dragon zombie but does no damage.
The orc barely misses your orc zombie. The gnoll hits you but does no damage.
The gnoll hits you from afar with a +0 spear.
Your orc zombie barely misses the orc.
Something hits your orc zombie.
Unknown command.
You slash the orc warrior! You burn the orc warrior.
The orc warrior is moderately wounded.
Something closely misses you.
Something completely misses your steam dragon zombie.
The orc hits your orc zombie with a +0 hand axe.
Your orc zombie is destroyed!
The orc hits your steam dragon zombie with a +0 hand axe.
The orc hits your orc zombie with a +0 hand axe.
The gnoll hits you from afar with a +0 spear.
The gnoll closely misses you.
The orc warrior hits you with a +0 war axe.
The orc warrior barely misses your orc warrior zombie.
The gnoll hits you but does no damage.
Your orc warrior zombie hits the orc warrior but does no damage.
Your steam dragon zombie bites the orc.
Your steam dragon zombie claws the orc.
Casting: Vampiric Draining (safe; 1% risk of failure)
Confirm with . or Enter, or press ? or * to list all spells.
Aiming: Vampiric Draining (safe; 1% risk of failure)
Press: ? - help, Shift-Dir - straight line, f - orc warrior
Aim: an orc warrior, wielding a +0 war axe and wearing a +0 plate armour (moderately wounded, ally target)
You draw life force from the orc warrior.
You feel life coursing into your body. Something hits you but does no damage.
Something hits you!
Your orc zombie closely misses the orc.
The orc hits your steam dragon zombie but does no damage.
The orc barely misses your orc wizard zombie.
The orc hits your orc zombie with a +0 hand axe.
Your orc zombie is destroyed!
The swamp drake breathes poison at you.
The noxious blast engulfs the gnoll but does no damage.
The gnoll is poisoned.
The gnoll is engulfed in noxious fumes.
The gnoll appears confused.
The gnoll hits the gnoll with a +0 spear.
The gnoll is engulfed in noxious fumes.
The gnoll appears confused.
The gnoll closely misses the swamp drake.
The gnoll is engulfed in noxious fumes.
The gnoll appears confused.
The gnoll hits the gnoll sergeant with a +1 halberd of freezing!
The gnoll freezes the gnoll sergeant.
The orc warrior is engulfed in noxious fumes.
The orc warrior misses you.
The orc warrior hits your orc wizard zombie with a +0 war axe.
The orc warrior completely misses your orc warrior zombie.
Your orc warrior zombie hits the orc warrior!
Your steam dragon zombie bites the orc!
The orc dies!
Kikubaaqudgha accepts your kill.
Casting: Vampiric Draining (safe; 1% risk of failure)
Confirm with . or Enter, or press ? or * to list all spells.
Aiming: Vampiric Draining (safe; 1% risk of failure)
Press: ? - help, Shift-Dir - straight line, f/p - orc warrior
Aim: an orc warrior, wielding a +0 war axe and wearing a +0 plate armour (noxious fumes, severely wounded, ally target)
You draw life force from the orc warrior!
You feel life coursing into your body. Something closely misses you.
Something hits the gnoll but does no damage.
Something hits you.
The gnoll is engulfed in noxious fumes.
The gnoll appears confused.
The orc warrior is engulfed in noxious fumes.
The orc warrior appears confused.
The orc warrior completely misses you.
The orc warrior barely misses your orc warrior zombie.
The orc warrior hits your orc wizard zombie with a +0 war axe!
The gnoll is engulfed in noxious fumes.
The gnoll appears confused.
The gnoll hits the orc warrior with a +0 spear.
The orc warrior dies!
The gnoll is engulfed in noxious fumes.
The gnoll appears confused.
Your orc wizard zombie hits the gnoll but does no damage.
Your steam dragon zombie bites something!
Your steam dragon zombie barely misses something.
Your orc warrior zombie hits the gnoll.
You slice the gnoll!! You burn the gnoll.
You kill the gnoll!
Kikubaaqudgha accepts your kill. Something hits your orc wizard zombie!
Your orc wizard zombie is destroyed!
Something hits the gnoll but does no damage.
The gnoll is engulfed in noxious fumes.
The gnoll sergeant hits you from afar with a +4 trident of distortion.
* * * LOW HITPOINT WARNING * * *
Space warps horribly around you!!
You die...
Kikubaaqudgha rasps: "You have failed me!
Welcome... death!"

#.####.#.##.....
#.....###.#####.
#..###.#Z## #. #..#
##.## ## #..# ### #
########################
...!.o..................
[....g)Z.....)..!...!#..
..).:gg@...........).#..
.?..k°{.....)...!....)).
....°°°Z.....##....).)..
..#..g...!...........)).
. #.................)...
######################


You could see a swamp drake, a gnoll sergeant (ally target), 3 gnolls, an orc, a
friendly steam dragon zombie and a friendly orc warrior zombie.

Vanquished Creatures
  A two-headed ogre (D:9)
  6 yaks (D:9)
  A wraith (D:9)
  4 steam dragons
  A black bear (D:5)
  2 water moccasins
  3 orc warriors
  2 sky beasts (D:8)
  A centaur (D:9)
  A lemure (D:3)
  5 kobold brigands (Bailey)
  4 elf zombies
  A bullfrog (D:6)
  2 gnoll sergeants (D:6)
  5 elf skeletons (D:6)
  A scorpion (D:6)
  4 wights (D:7)
  12 killer bees
  3 howler monkeys
  2 hounds (D:4)
  A gnoll bouda (D:9)
  6 orc priests
  A human zombie (D:6)
  3 jellies
  3 iguanas
  4 sleepcaps
  A human skeleton (D:6)
  5 orc wizards
  4 mummies (Ossuary)
  Robin (D:4)
  15 gnolls
  8 adders
  2 ufetubi
  2 adder zombies (Ossuary)
  A worm (D:3)
  2 dart slugs
  35 orcs
  6 ball pythons
  9 endoplasms
  5 giant cockroaches
  12 goblins
  14 hobgoblins
  7 jackals (D:3)
  5 bats
  5 frilled lizards
  2 hobgoblin zombies (Ossuary)
  2 jackal zombies (Ossuary)
  19 kobolds
  A kobold zombie (Ossuary)
  2 orc skeletons (D:6)
  An orc zombie (D:6)
  4 rats
  2 rat zombies (Ossuary)
251 creatures vanquished.

Vanquished Creatures (collateral kills)
  A wight (D:7)
  A gnoll (D:9)
  A dart slug (D:1)
  2 orcs
  2 goblins
  A kobold (D:1)
8 creatures vanquished.

Vanquished Creatures (others)
  A two-headed ogre zombie (D:9)
  An orc warrior (D:9)
  A centaur zombie (D:9)
  An orc wizard (D:9)
  A killer bee zombie (D:9)
  14 orc zombies
  A gnoll zombie (D:9)
  7 kobold zombies (Bailey)
27 creatures vanquished.

Grand Total: 286 creatures vanquished

Notes
Turn   | Place    | Note
-------+----------+-------------------------------------------
     0 | D:1      | GloriousHammer the Human Necromancer began the quest for
                  | the Orb.
     0 | D:1      | Reached XP level 1. HP: 13/13 MP: 3/3
     8 | D:1      | Noticed an ogre
   156 | D:1      | Reached XP level 2. HP: 8/19 MP: 0/5
   597 | D:1      | Reached XP level 3. HP: 19/24 MP: 3/6
  1066 | D:2      | Learned a level 3 spell: Vampiric Draining
  1416 | D:2      | Found a faded altar of an unknown god.
  1612 | D:2      | Reached skill level 1 in Long Blades
  1744 | D:2      | Identified the +2 pair of boots of Proximity {Rampage +Inv}
  1902 | D:2      | Learned a level 2 spell: Cigotuvi's Dreadful Rot
  2058 | D:3      | Reached XP level 4. HP: 23/30 MP: 4/8
  2256 | D:3      | Found a glowing golden altar of the Shining One.
  2909 | D:3      | Reached skill level 2 in Long Blades
  2909 | D:3      | Reached XP level 5. HP: 35/35 MP: 7/9
  2911 | D:3      | Reached skill level 1 in Air Magic
  3295 | D:4      | Reached skill level 1 in Poison Magic
  3588 | D:4      | Reached XP level 6. HP: 34/41 MP: 10/10
  3685 | D:4      | Reached skill level 5 in Necromancy
  3708 | D:4      | Reached skill level 3 in Long Blades
  3857 | D:4      | Noticed Pikel
  4720 | D:4      | Noticed Robin
  4740 | D:4      | Killed Robin
  4944 | D:5      | Entered Level 5 of the Dungeon
  4950 | D:5      | Learned a level 4 spell: Animate Dead
  4991 | D:5      | Reached XP level 7. HP: 44/46 MP: 5/11
  5029 | D:4      | Reached skill level 4 in Long Blades
  5686 | D:5      | Found Miaz's Distillery.
  5692 | D:5      | Bought a potion of heal wounds for 75 gold pieces
  5692 | D:5      | Bought a potion of curing for 45 gold pieces
  6152 | D:5      | Reached skill level 5 in Long Blades
  6347 | D:6      | Found a staircase to the Ecumenical Temple.
  6369 | D:6      | Noticed a steam dragon
  6398 | D:6      | Reached XP level 8. HP: 29/52 MP: 1/12
  6494 | D:6      | Reached skill level 6 in Long Blades
  6742 | D:6      | Found a sand-covered staircase.
  6753 | Ossuary  | Entered an ossuary
  6819 | Ossuary  | Reached skill level 7 in Long Blades
  7269 | Ossuary  | Reached XP level 9. HP: 38/57 MP: 13/13
  7463 | Temple   | Found a transporter.
  7463 | Temple   | Found a transporter.
  7463 | Temple   | Found a transporter.
  7463 | Temple   | Found a transporter.
  7463 | Temple   | Entered the Ecumenical Temple
  7487 | Temple   | Became a worshipper of Kikubaaqudgha
  7735 | D:6      | Found a broken altar of Ashenzari.
  7882 | D:6      | Reached skill level 8 in Long Blades
  8447 | D:7      | Reached skill level 9 in Long Blades
  8549 | D:7      | Found a flagged portal.
  8567 | Bailey   | Entered a bailey
  8637 | Bailey   | Reached * piety under Kikubaaqudgha
  8637 | Bailey   | Received a gift from Kikubaaqudgha
  9285 | D:7      | Reached XP level 10. HP: 31/63 MP: 2/14
  9463 | D:7      | Reached skill level 10 in Long Blades
  9599 | D:7      | Found Joirai's Weapon Emporium.
  9609 | D:7      | Bought the +4 double sword of the Messenger {flame, MP+9
                  | Dex+3} for 950 gold pieces
  9855 | D:7      | Found Kuaq Xump's Book Shop.
  9969 | D:8      | Reached skill level 1 in Fighting
 10084 | D:8      | Found Uniannamn's Vocational Training.
 10609 | D:9      | Noticed a two-headed ogre
 10619 | D:9      | Killed a two-headed ogre
 10620 | D:9      | Reached skill level 11 in Long Blades
 10622 | D:9      | Reached ** piety under Kikubaaqudgha
 10885 | D:9      | Found a staircase to the Lair.
 10933 | D:9      | Reached XP level 11. HP: 53/76 MP: 15/15
 11342 | D:9      | Found a staircase to the Orcish Mines.
 11345 | D:9      | Reached skill level 12 in Long Blades
 11361 | D:9      | Slain by a gnoll sergeant

Illustrated notes

Levels and vault maps discovered:
D:1:      evilmike_arrival_come_back, layout_loops_ring, minmay_tetromino_t2
D:2:      layout_loops_ring, hellmonk_ecumenical_altar_heavens_door,
          minmay_split_cup_small
D:3:      layout_loops_cross, mainiacjoe_overflow_tiny_flanked,
          amcnicky_mini_rare_corridor_liquid, bh_walls_and_bars
D:4:      layout_basic, minivault_11, solitary_fountain, minmay_misc_feat_cross,
          uniq_robin, uniq_pikel
D:5:      layout_loops_ring, serial_shops, shop
D:6:      layout_basic, lemuel_coloured_pillars_altar, minmay_temple_entry_tees,
          nicolae_ossuary_entry_catacombs
D:7:      layout_rooms, serial_shops, nicolae_book_shop_shelving, shop,
          enter_bailey_3, grunt_ministairs_7, hangedman_glass_teeth
D:8:      layout_cave_pools, nicolae_shop_vocational
D:9:      layout_loops_ring, dpeg_oklobed_lair, erik_orc_1
Temple:   hellmonk_temple_divided_pantheon

Skill      XL: |  1  2  3  4  5  6  7  8  9 10 11 |
---------------+----------------------------------+-----
Long Blades    | 1 2 3 5 7 9 11 12 | 12.0
Air Magic      | 1 |  1.6
Poison Magic   | 1 |  1.6
Necromancy     | 5 6 7 8 |  8.6
Spellcasting   | 3 |  3.2
Fighting       | 3 4 |  4.3
Dodging        | 4 |  4.8
Maces & Flails | |  0.1
Stealth        | |  2.0

Action                     |  1- 3 |  4- 6 |  7- 9 | 10-12 || total
---------------------------+-------+-------+-------+-------++-------
  Melee: Battleaxe         |    15 |       |       |       ||    15
         Unarmed           |     8 |       |       |       ||     8
         Whip              |    27 |       |       |       ||    27
         Short sword       |    36 |    61 |       |       ||    97
         Punch             |       |     3 |     5 |     2 ||    10
         Long sword        |       |    98 |   396 |    37 ||   531
         Double sword      |       |       |       |   130 ||   130
   Cast: Necrotise         |    43 |    73 |    51 |    11 ||   178
         Vampiric Draining |       |     3 |    22 |    10 ||    35
         Animate Dead      |       |       |     5 |     3 ||     8
Ability: Evoke Invisibilit |       |       |     1 |       ||     1
    Use: Scroll            |       |       |     7 |     2 ||     9
         Potion            |       |       |     5 |       ||     5
   Stab: Sleeping          |       |     3 |     5 |     2 ||    10
         Distracted        |       |     2 |       |     1 ||     3
         Invisible         |       |       |     1 |       ||     1
 Armour: Robe              |    64 |    41 |       |       ||   105
         Leather armour    |       |   106 |   225 |       ||   331
         Steam dragon scal |       |       |   169 |   111 ||   280
  Dodge: Dodged            |    72 |   120 |   316 |   194 ||   702

Table legend: (Time is in decaauts)
 A = Elapsed time spent in this place.
 B = Non-inter-level travel time spent in this place.
 C = Inter-level travel time spent in this place.
 D = Time resting spent in this place.
 E = Time spent auto-exploring this place.
 F = Levels seen in this place.
 G = Mean time per level.
                   A        B        C        D        E       F      G
               +--------+--------+--------+--------+--------+-----+--------+
         Total |  11397 |  10815 |    582 |   2608 |   4982 |  12 |  949.8 |
       Dungeon |  10306 |   9736 |    570 |   2112 |   4876 |   9 | 1145.1 |
        Temple |     36 |     24 |     12 |      0 |      0 |   1 |   36.0 |
       Ossuary |    629 |    629 |      0 |    322 |    106 |   1 |  629.0 |
        Bailey |    424 |    424 |      0 |    174 |      0 |   1 |  424.0 |
               +--------+--------+--------+--------+--------+-----+--------+

Top non-repeatable levels by time:
     D:3: 1623 daAuts
     D:6: 1444 daAuts
     D:4: 1308 daAuts
     D:5: 1296 daAuts
     D:2: 1186 daAuts
     D:7: 1047 daAuts
     D:1: 961 daAuts
     D:9: 851 daAuts
 Ossuary: 629 daAuts
     D:8: 587 daAuts
  Bailey: 424 daAuts
  Temple: 36 daAuts
